 Seeded DCSS version 0.30.1-4-g462c640d31 (webtiles) character file.

Game seed: 6351066067085065685 (custom seed)

107 Esekla the Magician (level 4, 0/24 HPs)
             Began as a Deep Elf Wanderer on Sept 6, 2023.
             Was a Follower of Vehumet.
             Slain by a black bear (5 damage)
             ... on level 2 of the Dungeon.
             The game lasted 00:20:24 (2318 turns).

Esekla the Magician (Deep Elf Wanderer)             Turns: 2318, Time: 00:20:24

Health: 0/24       AC:  4    Str: 11    XL:     4   Next: 57%
Magic:  5/14       EV: 11    Int: 20    God:    Vehumet [*.....]
Gold:   170        SH:  4    Dex: 11    Spells: 8/15 levels left

rFire   . . .        a - +1 short sword (freeze)
rCold   . . .        d - +0 buckler
rNeg    . . .        c - +0 robe
rPois   .            m - +0 helmet
rElec   .            (no cloak)
rCorr   .            k - +0 pair of gloves
SInv    .            (no boots)
Will    .....        (no amulet)
Stlth   ++           (no ring)
HPRegen 0.24/turn    (no ring)
MPRegen 0.14/turn

%: no passive effects
@: on blink cooldown, very slightly contaminated
A: no striking features
a: Renounce Religion


You were on level 2 of the Dungeon.
You worshipped Vehumet.
Vehumet was aware of your devotion.
You visited 1 branch of the dungeon, and saw 4 of its levels.

You collected 170 gold pieces.

Inventory:

Hand Weapons
 a - a +1 short sword of freezing (weapon)
 r - a +0 spear
 s - the +5 rapier of the Hero {heavy, rN+ Dex+3}
   (You found it on level 3 of the Dungeon)

   Dex:       It affects your dexterity (+3).
   rN:        It protects you from negative energy.
Armour
 c - a +0 robe (worn)
 d - a +0 buckler (worn)
 k - a +0 pair of gloves (worn)
 m - a +0 helmet (worn)
Wands
 h - a wand of roots (9)
Scrolls
 f - a scroll of fear {unknown}
 g - 3 scrolls of identify {unknown}
 o - a scroll of enchant armour {unknown}
 p - a scroll of amnesia {unknown}
 q - a scroll of immolation {unknown}
 u - a scroll of fog {unknown}
 w - a scroll of blinking {unknown}
Potions
 b - a potion of lignification
 e - a potion of ambrosia {unknown}
 i - 2 potions of curing {unknown}
 j - a potion of haste {unknown}
 l - 2 potions of attraction {unknown}
 n - a potion of mutation {unknown}
 t - 2 potions of brilliance {unknown}
 v - a potion of heal wounds {unknown}


   Skills:
 + Level 0.2 Short Blades
 * Level 0.7 Dodging
 + Level 1.6 Stealth
 * Level 1.8 Shields
 * Level 6.1 Spellcasting
 + Level 1.1 Conjurations
 * Level 1.3 Necromancy
 + Level 2.7 Translocations
 + Level 1.0 Invocations


You had 8 spell levels left.
You knew the following spells:

 Your Spells              Type           Power      Damage    Failure   Level
a - Magic Dart            Conj           40%        1d5       10%         1
b - Blink                 Tloc           34%        N/A       8%          2
d - Vampiric Draining     Necr           11%        2d6       26%         3
p - Apportation           Tloc           34%        N/A       4%          1

Your spell library contained the following spells:

 Spells                   Type           Power      Damage    Failure   Level
 Sandblast                Erth           12%        2d6       16%         1
 Lesser Beckoning         Tloc           34%        N/A       8%          2
 Gell's Gravitas          Tloc           17%        N/A       14%         3
 Teleport Other           Tloc           17%        N/A       14%         3
 Ignite Poison            Fire/Tmut/Pois 6%         N/A       41%         3


Dungeon Overview and Level Annotations

Branches:
Dungeon (4/15)
 Temple: D:4-7

Altars:
Okawaru
Vehumet
Zin
The Shining One

Shops:
D:2 =


Message History

You block the black bear's attack. The black bear closely misses you. x2
You hit the black bear. You freeze the black bear.
The black bear is severely wounded.
The black bear goes berserk!
Casting: Magic Dart (safe; 10% risk of failure)
Confirm with . or Enter, or press ? or * to list all spells.
You blink.
Casting: Blink (safe; 8% risk of failure)
Confirm with . or Enter, or press ? or * to list all spells.
Aiming: Magic Dart (safe; 10% risk of failure)
Press: ? - help, Shift-Dir - straight line, f/p - black bear
Aim: a black bear (severely wounded, berserk, poisoned, 100% to hit)
The magic dart hits the black bear.
The black bear is almost dead.
You hit the black bear but do no damage.
The black bear is almost dead.
The black bear bites you but does no damage.
The black bear closely misses you. x2; The black bear bites you!
The black bear claws you. The black bear closely misses you.
Casting: Magic Dart (safe; 10% risk of failure)
Confirm with . or Enter, or press ? or * to list all spells.
The spell is extremely dangerous to miscast (26% risk of failure)!
Continue anyway?
Aiming: Vampiric Draining (extremely dangerous; 26% risk of failure)
Press: ? - help, Shift-Dir - straight line, f/p - black bear
Aim: a black bear (almost dead, berserk, poisoned)
You miscast Vampiric Draining.
You are very lightly contaminated with residual magic.
Nothing appears to happen.
The black bear looks more healthy.
The black bear barely misses you. The black bear claws you. x2
Casting: Vampiric Draining (extremely dangerous; 26% risk of failure)
Confirm with . or Enter, or press ? or * to list all spells.
The spell is extremely dangerous to miscast (26% risk of failure)!
Continue anyway?
Aiming: Vampiric Draining (extremely dangerous; 26% risk of failure)
Press: ? - help, Shift-Dir - straight line, f/p - black bear
Aim: a black bear (almost dead, berserk)
You draw life force from the black bear.
You feel life coursing into your body. The black bear bites you.
* * * LOW HITPOINT WARNING * * *
The black bear claws you.
You die...

##.#####.............#.....#..#
#.#####.####.(#######.####...###
#.............# #.# ##.....
#######.####..# #.# #.####
#.##....## #.# #.#
#######.##<....######.#####.#
#.......####^#(.............#
#.####### #.#.h#####.####### #.#
#.#(@# #.# #.# #.#(.# #.#
#.##########....#####.##
#.................†....#
############.#..)####..#
#.##........# #.##..#####.#
#.##..#####.###
######.##<.........#


You could see a black bear (berserk).

Vanquished Creatures
  An iguana (D:2)
  2 gnolls (D:2)
  2 adders (D:2)
  A dart slug (D:1)
  4 endoplasms
  8 goblins
  4 hobgoblins
  A quokka (D:1)
  6 ball pythons
  4 bats
  4 frilled lizards
  5 kobolds
  A rat (D:2)
43 creatures vanquished.

Notes
Turn   | Place    | Note
-------+----------+-------------------------------------------
     0 | D:1      | Esekla the Deep Elf Wanderer began the quest for the Orb.
     0 | D:1      | Esekla set off with the following items: a +0 club, a
                  | potion of lignification, a +0 robe, a +0 buckler; and the
                  | following spells available to memorise: Apportation, Blink,
                  | Lesser Beckoning, Magic Dart, Ignite Poison, Vampiric
                  | Draining.
     0 | D:1      | Reached XP level 1. HP: 10/10 MP: 7/7
     2 | D:1      | Learned a level 1 spell: Apportation
     4 | D:1      | Learned a level 1 spell: Magic Dart
   205 | D:2      | Found Renulab's Jewellery Shop.
   609 | D:4      | Found a radiant altar of Vehumet.
   620 | D:4      | Found an iron altar of Okawaru.
   631 | D:4      | Found a glowing silver altar of Zin.
   711 | D:4      | Became a worshipper of Vehumet
   731 | D:4      | Found a glowing golden altar of the Shining One.
   859 | D:3      | Reached XP level 2. HP: 15/15 MP: 5/9
   864 | D:3      | Learned a level 2 spell: Blink
  1106 | D:3      | Identified the +5 rapier of the Hero {heavy, rN+ Dex+3}
  1168 | D:2      | Reached skill level 5 in Spellcasting
  1321 | D:1      | Reached XP level 3. HP: 16/19 MP: 6/11
  1326 | D:1      | Learned a level 3 spell: Vampiric Draining
  1416 | D:1      | Reached * piety under Vehumet
  1416 | D:1      | Offered knowledge of Sandblast by Vehumet.
  1497 | D:1      | Reached skill level 1 in Necromancy
  1860 | D:2      | Reached skill level 1 in Conjurations
  1860 | D:2      | Reached XP level 4. HP: 22/24 MP: 6/13
  1954 | D:2      | Found a faded altar of an unknown god.
  2089 | D:2      | Noticed a black bear
  2158 | D:2      | Reached skill level 6 in Spellcasting
  2318 | D:2      | Slain by a black bear

Illustrated notes

Levels and vault maps discovered:
D:1:      sevenhm_arrival_forest_fort_small_3, layout_rooms,
          chequers_serial_rivers_room_b, minmay_misc_feat_five
D:2:      layout_loops_ring, dreamdust_ecumenical_altar_angels_and_demons,
          serial_shops, shop
D:3:      layout_basic, grunt_temple_overflow_open, minmay_misc_feat_iff
D:4:      layout_basic, nicolae_overflow_quartered_altars, serial_shops,
          nicolae_diamond_shop

Skill      XL: |  1  2  3  4 |
---------------+-------------+-----
Spellcasting   | 5 6 |  6.1
Necromancy     | 1 |  1.3
Conjurations   | 1 |  1.1
Short Blades   | |  0.2
Dodging        | |  0.7
Stealth        | |  1.6
Shields        | |  1.8
Translocations | |  2.7
Invocations    | |  1.0

Action                     |  1- 3 |  4- 6 || total
---------------------------+-------+-------++-------
  Melee: Short sword       |    29 |    10 ||    39
         Club              |     1 |       ||     1
         Rapier            |     4 |       ||     4
  Throw: Dart              |       |     9 ||     9
   Cast: Apportation       |    25 |     4 ||    29
         Magic Dart        |    55 |     7 ||    62
         Vampiric Draining |     2 |     4 ||     6
         Blink             |       |     1 ||     1
   Stab: Sleeping          |     3 |       ||     3
 Armour: Robe              |     9 |     1 ||    10
  Dodge: Dodged            |    22 |    11 ||    33
  Block: Buckler           |     5 |     6 ||    11
